 Dungeon Crawl Stone Soup version 0.27-a0-277-g024f7ef292 (webtiles) character file.

Game seed: 11319689991508125245

51 Borgoz the Ruffian (level 3, -1/30 HPs)
             Began as a Ghoul Gladiator on Feb 5, 2021.
             Slain by Natasha (8 damage)
             ... on level 2 of the Dungeon.
             The game lasted 00:01:14 (1401 turns).

Borgoz the Ruffian (Ghoul Gladiator)                Turns: 1401, Time: 00:01:15

Health: -1/30      AC:  4    Str: 17    XL:     3   Next: 81%
Magic:  2/2        EV: 12    Int:  3    God:
Gold:   109        SH:  0    Dex: 11    Spells: 2/2 levels left

rFire    . . .     SeeInvis .     - Unarmed
rCold    + . .     Faith    .   (no shield)
rNeg     + + +     Spirit   .   a - +0 leather armour
rPois    ∞         Reflect  .   b - +0 helmet
rElec    .         Harm     .   (no cloak)
rCorr    .         Rampage  .   (no gloves)
Will     .....                  (no boots)
Stlth    +.........             (no amulet)
HPRegen  0.00/turn              (no ring)
MPRegen  0.08/turn              (no ring)

@: slowed, very slow
A: claws 1, cold resistance 1, negative energy resistance 3, inhibited
regeneration, torment resistance, unbreathing
a: no special abilities


You were on level 2 of the Dungeon.
You visited 1 branch of the dungeon, and saw 2 of its levels.

You collected 109 gold pieces.

Inventory:

Missiles
 c - 2 throwing nets (quivered)
Armour
 a - a +0 leather armour (worn)
 b - a +0 helmet (worn)
Scrolls
 d - 2 scrolls of remove curse {unknown}
 e - a scroll of fear {unknown}
 f - 2 scrolls of identify {unknown}
 i - a scroll of amnesia {unknown}
 l - a scroll of magic mapping {unknown}
 m - a scroll of noise {unknown}
Potions
 g - a potion of haste {unknown}
 h - a potion of lignification {unknown}
 j - a potion of attraction {unknown}
 k - a potion of might {unknown}


   Skills:
 + Level 2.9 Fighting
 - Level 1.7 Throwing
 + Level 1.2 Armour
 + Level 3.1 Dodging
 + Level 3.8 Unarmed Combat


You had 2 spell levels left.
You didn't know any spells.
Your spell library was empty.

Dungeon Overview and Level Annotations

Branches:
Dungeon (2/15)

Altars:
Ashenzari

Annotations:
D:2 Natasha


Innate Abilities, Weirdness & Mutations

You thrive by killing the living.
You are immune to poison.
You have sharp fingernails.
Your flesh is cold resistant. (rC+)
You are immune to negative energy. (rN+++)
You do not regenerate when monsters are visible.
You are immune to unholy pain and torment.
You can survive without breathing.


Message History

You scratch Natasha but do no damage. The bat hits you but does no damage.
Natasha misses you.
You claw Natasha!
Natasha is heavily wounded.
The bat barely misses you. Natasha claws you. x2
You scratch Natasha.
Natasha is almost dead.
The bat hits you but does no damage. Natasha casts a spell at you.
The magic dart hits you.
* * * LOW HITPOINT WARNING * * *
Throw: 3 throwing nets
Press: ? - help, Q - select action Shift-Dir - straight line, f - bat
Aim: a bat (39% to hit)
You throw a throwing net. The throwing net hits the bat.
The bat is caught in the net!
The bat struggles against the net. x2
The net rips apart, and the bat comes free!
The bat closely misses you. Natasha claws you!
You die...

#.#### ### # #.##>##
##.......##
###.#...####.........#
...........+.........+
........#.##.........#
###.#..#...##.......#
# #.#.#.....##.....# #
#..........##bh.# #
###.#.....## #@# #
#.##..(## #.# .
..###.######.## # # ##
#.#.......#
#.#.......##
#.#.##.....#####
#.#.###..........
#.#.##.....######
#......##.##


You could see Natasha and a bat.

Vanquished Creatures
  An adder (D:2)
  A worm (D:2)
  2 dart slugs (D:1)
  A leopard gecko (D:2)
  2 hobgoblins (D:1)
  2 jackals (D:1)
  2 quokkas (D:2)
  3 bats
  3 frilled lizards
  7 goblins
  3 kobolds (D:1)
  7 rats
34 creatures vanquished.

Notes
Turn   | Place    | Note
-------+----------+-------------------------------------------
     0 | D:1      | Borgoz the Ghoul Gladiator began the quest for the Orb.
     0 | D:1      | Reached XP level 1. HP: 17/17 MP: 0/0
    85 | D:1      | Reached XP level 2. HP: 25/25 MP: 1/1
   425 | D:1      | Reached XP level 3. HP: 30/30 MP: 2/2
   614 | D:1      | Reached skill level 1 in Armour
  1179 | D:2      | Found a broken altar of Ashenzari.
  1389 | D:2      | Noticed Natasha
  1401 | D:2      | Slain by Natasha

Illustrated notes

Levels and vault maps discovered:
D:1:      elethiomel_arrival_shortcut, layout_loops_ring
D:2:      layout_loops_corners, nicolae_overflow_crystal_walls, uniq_jessica,
          uniq_natasha

Skill      XL: |  1  2  3 |
---------------+----------+-----
Armour         | 1 |  1.2
Dodging        | 3 |  3.1
Fighting       | |  2.9
Throwing       | |  1.7
Unarmed Combat | |  3.8

Action                   || total
-------------------------++-------
Melee: Unarmed           ||   121
       Punch             ||     1
Throw: Throwing net      ||     2
 Stab: Held in net/web   ||     1
Armor: Leather armour    ||    33
Dodge: Dodged            ||    89

Table legend: (Time is in decaauts)
 A = Elapsed time spent in this place.
 B = Non-inter-level travel time spent in this place.
 C = Inter-level travel time spent in this place.
 D = Time resting spent in this place.
 E = Time spent auto-exploring this place.
 F = Levels seen in this place.
 G = Mean time per level.
                   A        B        C        D        E       F      G
               +--------+--------+--------+--------+--------+-----+--------+
         Total |   1394 |   1352 |     42 |    272 |    819 |   2 |  697.0 |
       Dungeon |   1394 |   1352 |     42 |    272 |    819 |   2 |  697.0 |
               +--------+--------+--------+--------+--------+-----+--------+

Top non-repeatable levels by time:
     D:1: 749 daAuts
     D:2: 645 daAuts
